 Dungeon Crawl Stone Soup version 0.31.0-9-g3a7656b989 (webtiles) character file.

Game seed: 4762433014128826110

1025 spanner the Covered (level 8, -3/71 HPs)
             Began as a Minotaur Fighter on Feb 3, 2024.
             Slain by a gnoll
             ... wielding a +0 flail
              (8 damage)
             ... on level 6 of the Dungeon.
             The game lasted 00:16:50 (4597 turns).

spanner the Covered (Minotaur Fighter)              Turns: 4597, Time: 00:16:50

Health: -3/71      AC:  9    Str: 24    XL:     8   Next: 2%
Magic:  7/7        EV: 10    Int:  5    God:
Gold:   300        SH:  7    Dex:  9    Spells: 7/7 levels left

rFire   . . .        a - +0 war axe
rCold   . . .        y - +2 buckler
rNeg    . . .        b - +0 scale mail
rPois   .            (helmet restricted)
rElec   .            (no cloak)
rCorr   .            u - +0 pair of gloves
SInv    .            (no boots)
Will    .....        (no amulet) Stlth
                     (no ring)
HPRegen 0.31/turn    (no ring)
MPRegen 0.10/turn

%: no passive effects
@: lethally poisoned (-3 -> -7)
A: horns 2, retaliatory headbutt
a: no special abilities


You were on level 6 of the Dungeon.
You visited 1 branch of the dungeon, and saw 6 of its levels.

You collected 300 gold pieces.

Inventory:

Hand Weapons
 a - a +0 war axe (weapon)
Missiles
 i - 50 stones
 s - 2 curare-tipped darts
 x - 10 poisoned darts (quivered)
 C - a throwing net
 D - 2 silver javelins
Armour
 b - a +0 scale mail (worn)
 u - a +0 pair of gloves (worn)
 y - a +2 buckler (worn)
Jewellery
 A - a ring of positive energy
Wands
 m - a wand of iceblast (10)
 p - a wand of charming (8)
 z - a wand of flame (17)
Scrolls
 c - 2 scrolls of brand weapon {unknown}
 f - 5 scrolls of identify {unknown}
 g - 3 scrolls of poison {unknown}
 h - a scroll of immolation {unknown}
 k - 2 scrolls of amnesia {unknown}
 n - 3 scrolls of teleportation {unknown}
 v - a scroll of torment {unknown}
 B - a scroll of fog {unknown}
Potions
 d - a potion of might
 e - 2 potions of lignification {unknown}
 j - 2 potions of degeneration {unknown}
 l - a potion of heal wounds {unknown}
 o - 4 potions of haste {unknown}
 q - a potion of mutation {unknown}
 r - a potion of curing
 t - 2 potions of berserk rage {unknown}
 w - a potion of cancellation {unknown}


   Skills:
 + Level 6.5 Fighting
 + Level 6.4 Axes
 + Level 6.5 Armour
 - Level 0.8 Dodging
 - Level 0.1 Stealth
 + Level 6.2 Shields


You had 7 spell levels left.
You didn't know any spells.
Your spell library contained the following spells:

 Spells                   Type           Power      Damage    Failure   Level
 Magic Dart               Conj           0%         1d3       80%         1
 Sandblast                Erth           0%         2d4       80%         1
 Blink                    Tloc           0%         N/A       91%         2
 Call Imp                 Summ           0%         N/A       91%         2
 Lesser Beckoning         Tloc           0%         N/A       91%         2
 Fugue of the Fallen      Necr           0%         N/A       99%         3
 Gell's Gravitas          Tloc           0%         N/A       99%         3
 Ozocubu's Armour         Ice            0%         N/A       99%         3
 Passwall                 Erth           0%         N/A       99%         3
 Stone Arrow              Conj/Erth      0%         3d7       99%         3
 Teleport Other           Tloc           0%         N/A       99%         3
 Brom's Barrelling Bould  Conj/Erth      0%         2d3       100%        4
 Manifold Assault         Tloc           0%         N/A       100%        4


Dungeon Overview and Level Annotations

Branches:
Dungeon (6/15)
 Temple: D:4-7

Altars:
Kikubaaqudgha
Trog


Innate Abilities, Weirdness & Mutations

You have a pair of horns on your head.
You reflexively headbutt those who attack you in melee.


Message History

* * * LOW HITPOINT WARNING * * *
It was a potion of curing.
You feel better.
The killer bee stings you but does no damage.
The killer bee misses you. You block the killer bee's attack.
The killer bee stings you.
* * * LOW HITPOINT WARNING * * *
You are poisoned.
The killer bee poisons you!
You slash the killer bee!
You kill the killer bee!
You miss the killer bee.
You feel very sick.
The killer bee stings you but does no damage.
You block the killer bee's attack.
You feel better.
The killer bee stings you but does no damage.
An orc comes into view. It is wielding a +0 dagger.
The killer bee misses you.
The orc shouts!
You hit the killer bee but do no damage.
You hear a shout!
The killer bee stings you but does no damage.
The killer bee stings you!
* * * LOW HITPOINT WARNING * * *
You are lethally poisoned!
The killer bee poisons you! You block the killer bee's attack.
A gnoll comes into view. It is wielding a +0 club.
You slash the killer bee! Your headbutt misses the killer bee.
The killer bee is severely wounded.
* * * LOW HITPOINT WARNING * * *
You feel very sick. The killer bee closely misses you. You furiously retaliate!
You headbutt the killer bee!
You kill the killer bee!
You have reached level 8!
You feel stronger.
You barely miss the gnoll.
* * * LOW HITPOINT WARNING * * *
You feel sick. The gnoll hits you with a +0 flail!
You die...

.###.....## ##### .#
##...## ##... .#
##.## #...# .# #)#
#...# .#####)#
####)..#### .......#
#.........#
.##########.........#
.<.......#..........#
........<.......@####
########.#.......g..#
#.##......##o#
#.##.###### .. #.##.#
g.# ...... .# #.....
# ####.##


You could see 2 gnolls and an orc.

Vanquished Creatures
  Edmund (D:4)
  Duvessa (D:5)
  An ogre (D:4)
  A centaur (D:6)
  A gnoll sergeant (D:4)
  Dowan (D:5)
  3 killer bees (D:6)
  2 hounds (D:5)
  A sleepcap (D:4)
  2 orc wizards
  2 iguanas
  4 gnolls (D:5)
  7 adders
  3 dart slugs
  3 ribbon worms
  9 orcs
  7 bats
  8 endoplasms
  2 giant cockroaches (D:2)
  5 goblins
  13 hobgoblins
  7 kobolds
  6 quokkas
  5 ball pythons
  6 frilled lizards
  3 rats
104 creatures vanquished.

Notes
Turn   | Place    | Note
-------+----------+-------------------------------------------
     0 | D:1      | spanner the Minotaur Fighter began the quest for the Orb.
     0 | D:1      | Reached XP level 1. HP: 19/19 MP: 0/0
   104 | D:1      | Reached XP level 2. HP: 27/27 MP: 1/1
   288 | D:1      | Reached XP level 3. HP: 28/33 MP: 2/2
  1437 | D:2      | Reached XP level 4. HP: 37/41 MP: 3/3
  1702 | D:3      | Found a bloodstained altar of Trog.
  1708 | D:3      | Found an ancient bone altar of Kikubaaqudgha.
  1827 | D:3      | Reached XP level 5. HP: 44/47 MP: 4/4
  2531 | D:4      | Noticed an ogre
  2699 | D:4      | Noticed Edmund
  2714 | D:4      | Killed Edmund
  2715 | D:4      | Reached skill level 5 in Fighting
  2715 | D:4      | Reached skill level 5 in Axes
  2715 | D:4      | Reached skill level 5 in Armour
  2715 | D:4      | Reached XP level 6. HP: 13/56 MP: 5/5
  3099 | D:4      | Reached skill level 5 in Shields
  3325 | D:5      | Entered Level 5 of the Dungeon
  3665 | D:5      | Reached XP level 7. HP: 44/61 MP: 6/6
  3751 | D:5      | Noticed Duvessa
  3751 | D:5      | Noticed Dowan
  3792 | D:5      | Killed Duvessa
  3833 | D:5      | Killed Dowan
  4597 | D:6      | Reached XP level 8. HP: 7/71 MP: 7/7
  4597 | D:6      | Slain by a gnoll

Illustrated notes

Levels and vault maps discovered:
D:1:      dpeg_arrival_round_b, layout_loops_ring, minmay_tiny_reverse_x
D:2:      layout_basic, minmay_fractal_squares_gapless_5
D:3:      layout_basic, mainiacjoe_overflow_large_starburst,
          minmay_misc_feat_square
D:4:      layout_rooms, uniq_edmund
D:5:      layout_loops_cross, uniq_duvessa
D:6:      layout_loops_ring, minmay_temple_entry_hall

Skill      XL: |  1  2  3  4  5  6  7 |
---------------+----------------------+-----
Shields        | 4 5 6 |  6.2
Fighting       | 4 5 6 |  6.5
Armour         | 4 5 6 |  6.5
Axes           | 3 4 5 6 |  6.4
Dodging        | |  0.8
Stealth        | |  0.1

Action                     |  1- 3 |  4- 6 |  7- 9 || total
---------------------------+-------+-------+-------++-------
  Melee: War axe           |    81 |   105 |    67 ||   253
         Headbutt          |    12 |    18 |    10 ||    40
  Throw: Dart              |       |       |     5 ||     5
    Use: Potion            |       |       |     2 ||     2
 Armour: Scale mail        |    56 |    97 |    66 ||   219
  Dodge: Dodged            |    30 |    62 |    33 ||   125
  Block: Buckler           |    13 |    31 |    34 ||    78
